General information
			
			
        
        - name: BNet
 
        - type: Ladder 1vs1/FFA
 
        - host: Battle.net
 
        - saver: TRAINS
 
        
map: MeltingValley 
        - players: 2
 
        - length: 28:21
 
        - speed: Fast
 - version: 1.22 W3XP
 - replay type:  Public
 
» download(111 KB)
Players
        team 1 (winner) 
              
              
» 
TRAINS (
orange | 82 APM | 2335 actions | 28:21)
              
 6 Archmage 
 3 Summon Water Elemental
 2 Brilliance Aura
 1 Mass Teleport
 3 Mountain King 
 2 Storm Bolt
 1 Thunder Clap
 2 Paladin 
 1 Holy Light
 1 Divine Shield
 
                » actions 
                
                | Assign group hotkey | 72 |  | 
| Basic commands | 19 |  | 
| Build / train | 148 |  | 
| Enter build submenu | 50 |  | 
| Enter hero's abilities submenu | 11 |  | 
| Give item / drop item | 3 |  | 
| Remove unit from queue | 6 |  | 
| Right click | 1049 |  | 
| Select / deselect | 532 |  | 
| Select group hotkey | 317 |  | 
| Use ability | 128 |  | 
                2335 total
 » units 
                
                | Peasant | 42 |  | 
| Footman | 21 |  | 
| Forest Troll Berserker | 2 |  | 
| Forest Troll Shadow Priest | 4 |  | 
| Rifleman | 7 |  | 
| Ogre Mauler | 1 |  | 
| Mortar Team | 5 |  | 
| Sorceress | 5 |  | 
| Dragonhawk Rider | 1 |  | 
| Knight | 4 |  | 
| Gryphon Rider | 2 |  | 
| Priest | 1 |  | 
                95 total
 » upgrades
                
                | Defend | 1 |  | 
| Masonry | 2 |  | 
| Long Rifles | 1 |  | 
| Fragmentation Shards | 1 |  | 
| Animal War Training | 1 |  | 
                6 total
 » buildings
                
                | Altar of Kings | 1 |  | 
| Barracks | 1 |  | 
| Farm | 12 |  | 
| Scout Tower | 23 |  | 
| Arcane Tower | 2 |  | 
| Lumber Mill | 2 |  | 
| Town Hall | 1 |  | 
| Guard Tower | 15 |  | 
| Arcane Vault | 3 |  | 
| Keep | 1 |  | 
| Blacksmith | 1 |  | 
| Gryphon Aviary | 1 |  | 
| Workshop | 2 |  | 
| Arcane Sanctum | 1 |  | 
| Castle | 2 |  | 
                68 total
 » build order
                00:08 Altar of Kings
00:19 Barracks
00:34 Farm
01:04 Farm
01:30 Farm
01:45 Scout Tower
02:14 Arcane Tower
03:13 Scout Tower
03:14 Scout Tower
03:14 Scout Tower
03:18 Scout Tower
03:18 Scout Tower
03:30 Lumber Mill
04:39 Town Hall
04:59 Guard Tower
05:13 Scout Tower
05:14 Scout Tower
05:31 Guard Tower
05:41 Arcane Vault
05:44 Arcane Vault
05:53 Guard Tower
06:20 Guard Tower
06:51 Guard Tower
07:30 Scout Tower
08:38 Guard Tower
09:53 Scout Tower
09:54 Scout Tower
09:55 Scout Tower
09:58 Scout Tower
09:59 Scout Tower
10:41 Guard Tower
11:05 Guard Tower
12:18 Scout Tower
12:19 Scout Tower
12:19 Scout Tower
12:44 Guard Tower
12:52 Arcane Vault
13:15 Guard Tower
13:43 Guard Tower
13:50 Guard Tower
14:39 Keep
14:47 Blacksmith
14:54 Guard Tower
15:10 Farm
15:11 Farm
15:12 Farm
15:53 Scout Tower
16:23 Guard Tower
17:03 Scout Tower
17:04 Scout Tower
17:05 Scout Tower
17:34 Guard Tower
17:44 Scout Tower
17:45 Scout Tower
17:59 Gryphon Aviary
18:02 Workshop
18:05 Workshop
18:17 Guard Tower
18:39 Arcane Sanctum
19:06 Farm
19:06 Farm
19:33 Farm
20:02 Farm
20:26 Castle
20:26 Castle
21:04 Farm
21:05 Farm
22:17 Lumber Mill
» items
                
                | Scroll of Regeneration | 3 |  | 
| Lesser Clarity Potion | 1 |  | 
| Scroll of Town Portal | 2 |  | 
| Potion of Healing | 1 |  | 
| Potion of Mana | 1 |  | 
                8 total
  
               team 2 (loser) 
              
              
P.W.NED (
purple | 122 APM | 3462 actions | 28:19)
              
 5 Demon Hunter 
 3 Mana Burn
 2 Evasion
 4 Naga Sea Witch 
 2 Frost Arrows
 2 Forked Lightning
 4 Goblin Tinker 
 2 Pocket Factory
 2 Engineering Upgrade
 
                » actions 
                
                | Assign group hotkey | 31 |  | 
| Basic commands | 65 |  | 
| Build / train | 82 |  | 
| ESC pressed | 3 |  | 
| Enter build submenu | 14 |  | 
| Enter hero's abilities submenu | 13 |  | 
| Give item / drop item | 5 |  | 
| Right click | 1762 |  | 
| Select / deselect | 704 |  | 
| Select group hotkey | 628 |  | 
| Use ability | 155 |  | 
                3462 total
 » units 
                
                | Wisp | 13 |  | 
| Huntress | 5 |  | 
| Dryad | 12 |  | 
| Druid of the Claw | 4 |  | 
| Mountain Giant | 5 |  | 
                39 total
 » upgrades
                
                | Abolish Magic | 1 |  | 
| Druid of the Claw Training | 2 |  | 
| Strength of the Wild | 2 |  | 
| Reinforced Hides | 3 |  | 
| Mark of the Claw | 1 |  | 
| Resistant Skin | 1 |  | 
| Hardened Skin | 1 |  | 
                11 total
 » buildings
                
                | Altar of Elders | 1 |  | 
| Moon Well | 5 |  | 
| Ancient of War | 2 |  | 
| Hunter's Hall | 1 |  | 
| Tree of Ages | 1 |  | 
| Ancient of Lore | 2 |  | 
| Ancient of Wonders | 1 |  | 
| Tree of Eternity | 1 |  | 
| Tree of Life | 1 |  | 
                15 total
 » build order
                00:06 Altar of Elders
00:17 Moon Well
01:49 Ancient of War
01:53 Ancient of War
02:06 Hunter's Hall
02:24 Moon Well
02:39 Moon Well
04:09 Tree of Ages
05:32 Moon Well
06:28 Moon Well
06:52 Ancient of Lore
06:54 Ancient of Lore
09:25 Ancient of Wonders
10:09 Tree of Eternity
19:06 Tree of Life
» items
                
                | Staff of Preservation | 1 |  | 
| Potion of Healing | 3 |  | 
| Orb of Venom | 3 |  | 
| Boots of Speed | 1 |  | 
| Potion of Lesser Invulnerability | 1 |  | 
                9 total
  
                Chat log
          
(06:42 / All) P.W.NED: gg
(08:26 / All) P.W.NED: leave please?
(11:47 / All) P.W.NED: ROFL
(11:50 / All) P.W.NED: why stay
(13:36 / All) P.W.NED: WHY ARE
(13:37 / All) P.W.NED: U 
(13:38 / All) P.W.NED: SO
(13:39 / All) P.W.NED: GHET
(13:46 / All) P.W.NED:  U HAVE 2 BASES
(13:48 / All) P.W.NED: big deal
(19:10 / All) P.W.NED: ur a joke
(19:11 / All) P.W.NED: w/e
(19:25 / All) TRAINS: l2p
(19:34 / All) P.W.NED: i took it easy on u
(20:10 / All) P.W.NED: ur a fucking joke!
(20:14 / All) P.W.NED: waste my time
(20:21 / All) TRAINS: leave then
(20:40 / All) P.W.NED: thatd be stupid
(25:30 / All) TRAINS: GG